 Dungeon Crawl Stone Soup version 0.31-a0-1610-g9787180 (webtiles) character file.

Game seed: 14947709442589488398

93 PidgeyThePirate the Chopper (level 4, -14/41 HPs)
             Began as a Gnoll Chaos Knight on Jan 8, 2024.
             Was a Plaything of Xom.
             Demolished by an ogre
             ... wielding a +0 giant club
              (36 damage)
             ... on level 3 of the Dungeon.
             The game lasted 00:04:51 (1825 turns).

PidgeyThePirate the Chopper (Gnoll Chaos Knight)    Turns: 1825, Time: 00:04:51

Health: -14/41     AC:  5    Str: 11    XL:     4   Next: 61%
Magic:  0/0        EV: 12    Int: 12    God:    Xom [......]
Gold:   116        SH:  0    Dex: 11    Spells: 5/5 levels left

rFire   . . .        a - +0 hand axe (chaos)
rCold   . . .        (no shield)
rNeg    . . .        k - +1 leather armour "Lahirol" {Regen+ MP-9 Str-2 Stlth+}
rPois   .            (no helmet)
rElec   .            (no cloak)
rCorr   .            i - +0 pair of gloves
SInv    .            (no boots)
Will    +....        (no amulet)
Stlth   ++           j - ring of willpower
HPRegen 1.06/turn    (no ring)
MPRegen 0.07/turn

%: no passive effects
@: no status effects
A: fangs 1, strong nose, distributed training
a: Renounce Religion


You were on level 3 of the Dungeon.
You worshipped Xom.
You were a very special plaything of Xom.
You visited 1 branch of the dungeon, and saw 3 of its levels.

You collected 116 gold pieces.

Inventory:

Hand Weapons
 a - a +0 hand axe of chaos (weapon)
Armour
 b - a +2 leather armour
 i - a +0 pair of gloves (worn)
 k - the +1 leather armour "Lahirol" (worn) {Regen+ MP-9 Str-2 Stlth+}
   (Xom gifted it to you on level 3 of the Dungeon)

   Str-2:     It affects your strength (-2).
   MP-9:      It affects your magic capacity (-9).
   Regen+:    It increases your rate of health regeneration.
   Stlth+:    It makes you more stealthy.
Jewellery
 j - a ring of willpower (left hand)
Talismans
 e - a flux talisman
Scrolls
 c - a scroll of butterflies
 d - a scroll of teleportation
 g - a scroll of immolation {unknown}
 l - a scroll of torment {unknown}
Potions
 f - a potion of degeneration


   Skills:
 + Level 6.6 Fighting
 + Level 1.2 Short Blades
 + Level 1.2 Long Blades
 + Level 6.6 Axes
 + Level 1.2 Maces & Flails
 + Level 1.2 Polearms
 + Level 1.2 Staves
 + Level 1.2 Ranged Weapons
 + Level 1.2 Throwing
 + Level 4.7 Armour
 + Level 2.8 Dodging
 + Level 1.2 Stealth
 + Level 1.2 Shields
 + Level 1.2 Unarmed Combat
 + Level 1.2 Spellcasting
 + Level 1.0 Conjurations
 + Level 1.0 Hexes
 + Level 1.0 Summonings
 + Level 1.0 Necromancy
 + Level 1.0 Translocations
 + Level 1.0 Fire Magic
 + Level 1.0 Ice Magic
 + Level 1.0 Air Magic
 + Level 1.0 Earth Magic
 + Level 1.0 Alchemy
 + Level 1.3 Invocations
 + Level 1.2 Evocations
 + Level 1.1 Shapeshifting


You had 5 spell levels left.
You didn't know any spells.
Your spell library contained the following spells:

 Spells                   Type           Power      Damage    Failure   Level
 Summon Blazeheart Golem  Fire/Summ      3%         N/A       94%         4
 Orb of Destruction       Conj           1%         9d5       100%        7
 Spellforged Servitor     Conj/Summ      1%         N/A       100%        7


Dungeon Overview and Level Annotations

Branches:
Dungeon (3/15)

Altars:

Shops:
D:2 ?

Annotations:
D:1 1 transporter


Innate Abilities, Weirdness & Mutations

You have very sharp teeth.
Your uncanny sense of smell can sniff out nearby items.
Your experience applies equally to all skills.


Message History

The adder is heavily wounded.
The adder barely misses you.
You barely miss the adder.
The adder is heavily wounded.
The adder bites you but does no damage.
You miss the adder.
The adder is heavily wounded.
The adder closely misses you. The adder bites you but does no damage.
You closely miss the adder.
The adder is heavily wounded.
The adder bites you but does no damage.
You barely miss the adder. You bite the adder.
The adder is severely wounded.
The adder barely misses you.
You hit the adder.
You kill the adder!
An ogre and a giant cockroach come into view.
The ogre shouts!
You hit the ogre.
The ogre seems to grow stronger.
The ogre is lightly wounded.
The ogre misses you.
You hit the ogre.
The ogre is poisoned.
The ogre is moderately wounded.
The ogre barely misses you.
You barely miss the ogre.
The ogre is moderately wounded.
You hit the ogre but do no damage.
The ogre is heavily wounded.
The ogre hits you with a +0 giant club!!
Ouch! That really hurt!
A shower of butterflies erupts from you!
You closely miss the ogre.
The ogre is heavily wounded.
The giant cockroach waves its antennae.
You hit the ogre but do no damage.
The ogre is heavily wounded.
The ogre hits you with a +0 giant club!!!
Ouch! That really hurt!
You die...
Xom roars with laughter!

##.# ...# #### ##
.#################
...............b.#
################b####.#
#@OB...# ########


You could see an ogre (strong, poisoned, ally target) and a giant cockroach.

Vanquished Creatures
  Terence (D:3)
  An adder (D:3)
  3 dart slugs
  4 ribbon worms (D:2)
  10 ball pythons
  An endoplasm (D:2)
  A giant cockroach (D:2)
  6 hobgoblins
  3 jackals (D:2)
  3 quokkas
  4 bats
  A frilled lizard (D:1)
  3 goblins
  5 kobolds
  4 rats
50 creatures vanquished.

Vanquished Creatures (collateral kills)
  A ribbon worm (D:2)
1 creature vanquished.

Vanquished Creatures (others)
  An adder (D:3)
1 creature vanquished.

Grand Total: 52 creatures vanquished

Notes
Turn   | Place    | Note
-------+----------+-------------------------------------------
     0 | D:1      | PidgeyThePirate the Gnoll Chaos Knight began the quest for
                  | the Orb.
     0 | D:1      | Reached XP level 1. HP: 23/23 MP: 1/1
    43 | D:1      | Reached XP level 2. HP: 19/29 MP: 2/2
   286 | D:1      | XOM: silly message
   432 | D:2      | Found Senefeb's Magic Scroll Boutique.
   449 | D:2      | Reached XP level 3. HP: 35/35 MP: 3/3
   766 | D:2      | Reached skill level 1 in Invocations
   923 | D:2      | Reached skill level 1 in Short Blades
   923 | D:2      | Reached skill level 1 in Long Blades
   923 | D:2      | Reached skill level 1 in Maces & Flails
   923 | D:2      | Reached skill level 1 in Polearms
   923 | D:2      | Reached skill level 1 in Staves
   923 | D:2      | Reached skill level 1 in Ranged Weapons
   923 | D:2      | Reached skill level 1 in Throwing
   923 | D:2      | Reached skill level 1 in Stealth
   923 | D:2      | Reached skill level 1 in Shields
   923 | D:2      | Reached skill level 1 in Unarmed Combat
   923 | D:2      | Reached skill level 1 in Spellcasting
   923 | D:2      | Reached skill level 1 in Evocations
  1298 | D:2      | Reached skill level 1 in Shapeshifting
  1298 | D:2      | Reached XP level 4. HP: 39/41 MP: 5/5
  1554 | D:3      | XOM: god gift: twisted leather armour {god gift}
  1554 | D:3      | Identified the +1 leather armour "Lahirol" {Regen+ MP-9
                  | Str-2 Stlth+} (Xom gifted it to you on level 3 of the
                  | Dungeon)
  1680 | D:3      | Noticed Terence
  1689 | D:3      | XOM: destruction
  1690 | D:3      | XOM: 1-stop teleportation journey
  1697 | D:3      | Killed Terence
  1698 | D:3      | Reached skill level 1 in Conjurations
  1698 | D:3      | Reached skill level 1 in Hexes
  1698 | D:3      | Reached skill level 1 in Summonings
  1698 | D:3      | Reached skill level 1 in Necromancy
  1698 | D:3      | Reached skill level 1 in Translocations
  1698 | D:3      | Reached skill level 1 in Fire Magic
  1698 | D:3      | Reached skill level 1 in Ice Magic
  1698 | D:3      | Reached skill level 1 in Air Magic
  1698 | D:3      | Reached skill level 1 in Earth Magic
  1698 | D:3      | Reached skill level 1 in Alchemy
  1779 | D:3      | XOM: scenery: summon butterflies
  1818 | D:3      | Noticed an ogre
  1823 | D:3      | XOM: butterfly on damage
  1825 | D:3      | Demolished by an ogre

Illustrated notes

Levels and vault maps discovered:
D:1:      spicycebolla_arrival_risky_transporter, layout_rooms,
          chequers_serial_rivers_room_a
D:2:      minmay_general_purpose_star, layout_basic, serial_shops, shop,
          st_stairs_9, minmay_ruptured
D:3:      layout_loops_ring, grunt_temple_overflow_gold_and_silver, uniq_terence

Skill      XL: |  1  2  3  4 |
---------------+-------------+-----
Invocations    | 1 |  1.3
Short Blades   | 1 |  1.2
Long Blades    | 1 |  1.2
Maces & Flails | 1 |  1.2
Polearms       | 1 |  1.2
Staves         | 1 |  1.2
Ranged Weapons | 1 |  1.2
Throwing       | 1 |  1.2
Stealth        | 1 |  1.2
Shields        | 1 |  1.2
Unarmed Combat | 1 |  1.2
Spellcasting   | 1 |  1.2
Evocations     | 1 |  1.2
Shapeshifting  | 1 |  1.1
Conjurations   | 1 |  1.0
Hexes          | 1 |  1.0
Summonings     | 1 |  1.0
Necromancy     | 1 |  1.0
Translocations | 1 |  1.0
Fire Magic     | 1 |  1.0
Ice Magic      | 1 |  1.0
Air Magic      | 1 |  1.0
Earth Magic    | 1 |  1.0
Alchemy        | 1 |  1.0
Fighting       | |  6.6
Axes           | |  6.6
Armour         | |  4.7
Dodging        | |  2.8

Action                     |  1- 3 |  4- 6 || total
---------------------------+-------+-------++-------
  Melee: Hand axe          |   126 |    58 ||   184
         Bite              |    17 |     6 ||    23
         Punch             |     1 |     1 ||     2
    Use: Scroll            |     3 |     1 ||     4
         Potion            |     1 |     1 ||     2
   Stab: Distracted        |     1 |       ||     1
         Confused          |     1 |       ||     1
         Sleeping          |       |     1 ||     1
 Armour: Leather armour    |    75 |    26 ||   101
  Dodge: Dodged            |    85 |    40 ||   125

Table legend: (Time is in decaauts)
 A = Elapsed time spent in this place.
 B = Non-inter-level travel time spent in this place.
 C = Inter-level travel time spent in this place.
 D = Time resting spent in this place.
 E = Time spent auto-exploring this place.
 F = Levels seen in this place.
 G = Mean time per level.
                   A        B        C        D        E       F      G
               +--------+--------+--------+--------+--------+-----+--------+
         Total |   1819 |   1713 |    106 |      0 |   1159 |   3 |  606.3 |
       Dungeon |   1819 |   1713 |    106 |      0 |   1159 |   3 |  606.3 |
               +--------+--------+--------+--------+--------+-----+--------+

Top non-repeatable levels by time:
     D:2: 1132 daAuts
     D:1: 415 daAuts
     D:3: 271 daAuts
